[Event "FIDE WSCC 65 2022"]
[Site "Assisi"]
[Date "2022.11.19"]
[Round "5.1"]
[White "Nunn, John D M"]
[Black "Hebert, Jean"]
[Result "1-0"]
[ECO "C10"]
[WhiteElo "2580"]
[BlackElo "2333"]
[Annotator "TA"]
[PlyCount "49"]
[EventDate "2022.11.14"]
[EventType "swiss"]
[EventCountry "ITA"]
[SourceTitle "playchess.com"]
[Source "ChessBase"]
[SourceQuality "1"]
[TimeControl "40/5400+30:1800+30"]

1. e4 e6 2. d4 d5 3. Nc3 Nc6 4. e5 Bd7 5. f4 Nh6 6. Be3 {[%emt 0:00:48] C10: French with 3 Nc3: Unusual Black 3rd moves and 3...dxe4.} f6 7. Nf3 {[%emt 0:03:54] [#]} Nf5 $146 ({Predecessor:} 7... Qe7 8. Qd2 O-O-O 9. a3 Qf7 10. O-O-O Nf5 11. Bf2 h5 12. Bd3 Be7 13. Rhe1 fxe5 14. fxe5 {0-1 (39) Kapferer,R (2080)-Hecht,H (2405) Schwarzach 1998}) 8. Bf2 {[%emt 0:00:32] White is slightly better.} fxe5 9. dxe5 Bb4 10. a3 Be7 (10... Bxc3+ $11 11. bxc3 O-O) 11. Qd2 $16 (11. g4 Nh4 $14) 11... O-O 12. O-O-O {[%emt 0:00:37][%cal Oc3d5] Strongly threatening Nxd5!} Kh8 13. g4 Nh6 14. Rg1 $36 {[%emt 0:08:42][%mdl 2048] Black is under strong pressure. White is more active.} Qe8 (14... a6 $16) 15. h4 $18 b5 16. f5 ({Much less strong is} 16. Nxb5 $6 Nxe5 17. Nfd4 (17. fxe5 Bxb5 18. Nd4 Bd7 $11) 17... Nhxg4 $16) (16. Bxb5 $18 {And now Ng5 would win.} Nxe5 17. Bxd7 (17. fxe5 Rxf3 18. Bd3 c5 $11) (17. Nxe5 Bxb5 18. Rde1 a6 $16) 17... Nxd7 18. f5) 16... b4 (16... exf5 $16 17. Nxd5 Rd8) 17. axb4 {[%emt 0:00:09] Threatens to win with b5.} Bxb4 18. f6 Ng8 19. g5 Nge7 $2 {[%emt 0:00:54] [#]} (19... a5 20. Qd3 Rb8) 20. g6 {[%emt 0:04:26] White is clearly winning.} Nf5 21. Bd3 ({Not} 21. f7 Qe7 $18) 21... hxg6 22. h5 gxf6 23. Bxf5 g5 24. exf6 Qf7 {[%emt 0:01:25] [#]} 25. Rxg5 $1 {[%emt 0:01:15] Weighted Error Value: White=0.15 (very precise) /Black=0.71} 1-0

[Event "FIDE WSCC 65 2022"]
[Site "Assisi"]
[Date "2022.11.19"]
[Round "5.2"]
[White "Jansa, Vlastimil"]
[Black "Sideifzade, Fikret"]
[Result "1/2-1/2"]
[ECO "C92"]
[WhiteElo "2390"]
[BlackElo "2391"]
[Annotator "TA"]
[PlyCount "47"]
[EventDate "2022.11.14"]
[EventType "swiss"]
[EventCountry "ITA"]
[SourceTitle "playchess.com"]
[Source "ChessBase"]
[SourceQuality "1"]
[TimeControl "40/5400+30:1800+30"]

1. e4 e5 2. Nf3 Nc6 3. Bb5 a6 4. Ba4 Nf6 5. O-O Be7 6. Re1 b5 7. Bb3 O-O 8. h3 d6 9. c3 Nd7 10. d4 Nb6 11. Nbd2 exd4 12. cxd4 Nb4 13. Nf1 c5 14. a3 Nc6 $1 15. d5 {[%emt 0:07:30] C92: Closed Ruy Lopez: 9...Be6, Karpov and Flohr-Zaitsev Variations.} Ne5 16. Nxe5 dxe5 {[%emt 0:00:03] [#]} 17. Nh2 $146 {[%emt 0:02:10] White has an edge.} ({Predecessor:} 17. Be3 Bd6 18. Qd2 Bd7 19. Rec1 Qe7 20. Qa5 Rfb8 21. Nd2 Be8 22. Bd1 Nd7 23. a4 {0-1 (40) Shirov,A (2690)-Piket,J (2640) Linares 1997}) 17... Bd6 18. Qh5 f5 19. Nf3 Qe8 20. Qxe8 Rxe8 21. a4 (21. Bc2 $14) 21... fxe4 $15 22. Ng5 Bb7 (22... c4 $142 23. Bc2 Bf5) 23. Nxe4 $11 Bf8 24. Be3 {[%emt 0:45:45] Weighted Error Value: White=0.17 (very precise) /Black=0.16 (very precise)} 1/2-1/2

[Event "FIDE WSCC 65 2022"]
[Site "Assisi"]
[Date "2022.11.19"]
[Round "5.3"]
[White "Petran, Peter"]
[Black "Birnboim, Nathan"]
[Result "1/2-1/2"]
[ECO "A07"]
[WhiteElo "2213"]
[BlackElo "2361"]
[Annotator "TA"]
[PlyCount "91"]
[EventDate "2022.11.14"]
[EventType "swiss"]
[EventCountry "ITA"]
[SourceTitle "playchess.com"]
[Source "ChessBase"]
[SourceQuality "1"]
[TimeControl "40/5400+30:1800+30"]

1. g3 d5 2. Bg2 Nf6 3. d3 Nc6 4. Nf3 g6 5. O-O Bg7 6. Nbd2 O-O 7. e4 e5 8. c3 h6 9. Qc2 {[%emt 0:04:04] A07: Réti Opening: New York and Capablanca Systems.} Re8 10. b4 a6 11. a3 {[%emt 0:00:22] White is slightly better.} dxe4 12. dxe4 Be6 13. Bb2 {[%emt 0:00:33] [#]} Qc8 $146 ({Predecessor:} 13... Nh7 14. Rfd1 Qf6 15. Nf1 Ng5 16. Nxg5 hxg5 17. Ne3 g4 18. Nd5 Bxd5 19. exd5 Ne7 {1-0 (40) Hera,I (2380)-Meszaros,A (2317) Hungary 2006}) 14. Rfe1 Nd7 15. c4 a5 16. Bc3 g5 17. Rac1 axb4 18. axb4 Nd4 19. Bxd4 exd4 20. Nb3 Ra4 21. Nfxd4 Rxb4 22. Nxe6 Rxe6 23. Bh3 Ne5 $1 24. Bxe6 Qxe6 25. Nd2 {[%emt 0:08:42] Against Nf3+} ({White should play} 25. Kg2 $16) 25... Qh3 (25... Rb2 $1 $11 26. Qxb2 Nf3+ 27. Nxf3 Bxb2) 26. Qd1 $1 $16 g4 {[%emt 0:09:57] [#] Prevents Nf3.} 27. Re3 $1 (27. Rb1 {gets mated.} Rxb1 28. f4 {[#]} gxf3 $1 29. Kf2 Qxh2+ 30. Ke3 Rxd1 31. Rxd1 Qe2+ 32. Kf4 Qxd1 33. Ke3 Qe2+ 34. Kd4 Qxd2+ 35. Kc5 Bf8+ 36. Kb5 Qb4#) 27... h5 28. Qf1 (28. Ra3 $16) 28... Qxf1+ $11 29. Kxf1 Bh6 $1 30. Re2 Nf3 31. Nxf3 {[%emt 0:00:50] Threatens to win with Nd2.} gxf3 32. Rec2 {[%emt 0:00:43] aiming for Rd1.} (32. Re3 $5) 32... Bxc1 33. Rxc1 $15 {[%emt 0:00:03][%mdl 4096] Endgame KR-KR} c5 34. e5 Rb2 35. h4 Kf8 36. Kg1 (36. Ke1 $1 $11) 36... Re2 (36... Ke7 $17) 37. Rc3 $11 {[%emt 0:00:16] The position is equal.} Rxe5 38. Rxf3 Re4 39. Rb3 Rxc4 {[%emt 0:00:17] White must now prevent ...Rb4.} 40. Rxb7 Kg7 41. Kg2 Kg6 42. Kf3 Rc2 43. Ke3 f6 44. f3 c4 45. Rc7 Rc1 46. Ke4 {[%emt 0:04:30] Weighted Error Value: White=0.17 (very precise) /Black=0.16 (very precise)} 1/2-1/2

[Event "FIDE WSCC 65 2022"]
[Site "Assisi"]
[Date "2022.11.19"]
[Round "5.4"]
[White "Fernandez Garcia, Jose Luis"]
[Black "Maryasin, Boris"]
[Result "1/2-1/2"]
[ECO "B42"]
[WhiteElo "2358"]
[BlackElo "2258"]
[Annotator "TA"]
[PlyCount "125"]
[EventDate "2022.11.14"]
[EventType "swiss"]
[EventCountry "ITA"]
[SourceTitle "playchess.com"]
[Source "ChessBase"]
[SourceQuality "1"]
[TimeControl "40/5400+30:1800+30"]

1. e4 c5 2. Nf3 e6 3. d4 cxd4 4. Nxd4 a6 5. Bd3 Nf6 6. O-O Qc7 7. Qe2 Nc6 8. Nxc6 {[%emt 0:01:36] B42: Sicilian: Kan Variation: 5 Bd3.} dxc6 9. e5 Nd7 10. Re1 {[%emt 0:00:07] White is more active. White is slightly better.} (10. Bf4 $5 ) 10... Nc5 {[%emt 0:00:18] [#]} 11. c4 $146 ({Predecessor:} 11. Nc3 b5 12. Bg5 h6 13. Bf4 f5 14. Rad1 g6 15. Qf3 Nxd3 16. Rxd3 Bb7 17. Red1 {1-0 (41) Beykirch,W (2467)-Sutkus,V (2400) ICCF email 2011}) 11... Nxd3 12. Qxd3 c5 13. Nc3 Bd7 14. Bg5 h6 15. Bh4 g5 {[%emt 0:01:57] [#]} 16. Ne4 $1 O-O-O {[%emt 0:05:41] Hoping for ...Bc6.} (16... Qxe5 $2 17. Rad1 Bc6 18. Nxg5 $1 $18 ) (16... gxh4 17. Nf6+) 17. Nd6+ Bxd6 18. exd6 Qc6 19. Bg3 f6 {[%emt 0:00:16] Against Be5} 20. f3 e5 21. Bf2 {[%emt 0:00:16] With the idea Rab1.} Rhg8 22. Qe3 (22. b4 {is interesting.} g4 23. f4 exf4 24. bxc5 f3 25. Rab1) 22... Be6 23. Rad1 Rxd6 24. Rxd6 Qxd6 25. Qxc5+ Qxc5 26. Bxc5 Bxc4 $11 {[%emt 0:03:14][%mdl 4096] Endgame KRB-KRB} 27. Be7 Bxa2 28. Bxf6 g4 29. fxg4 Rxg4 30. Rxe5 Rg6 31. Rf5 Be6 32. Rf2 Bd5 33. Bc3 Kd7 34. h3 Kc6 35. Kh2 Kc5 36. g4 b5 37. Rf4 Re6 38. b4+ Kc6 39. Bd4 Be4 40. Kg3 Kd5 41. Bg7 Kc4 (41... Rg6 $11 42. Rf7 h5) 42. Bxh6 Kxb4 43. h4 Kb3 44. Bg7 {[%emt 0:01:10][%cal Of4e4] Threatens to win with Rxe4!} b4 45. h5 {[%emt 0:22:30][%cal Of4e4] And now Rxe4! would win.} a5 {[%emt 0:00:11] [#]} 46. Rxe4 $1 Rxe4 {[%emt 0:00:07] KR-KB} 47. h6 {[%emt 0:00:02] aiming for g5.} a4 48. h7 {[%emt 0:00:45][%mdl 1024] White has compensation.} Re8 {[%emt 0:00:09] [#]} (48... Re3+ $1 $11 {remains equal.} 49. Kf4 Rh3) 49. g5 $1 $16 a3 $2 (49... Kc2 $16) 50. g6 $18 Kc2 {[%emt 0:00:24] [#]} 51. Bf8 $1 a2 52. h8=Q {[%emt 0:01:06][%cal Oh8a1] Qa1! would kill now.} Rxf8 {[%emt 0:00:13] KQ-KR} 53. Qd4 $2 (53. Qh2+ $18 Kb3 54. Qg1) 53... b3 $11 {[%emt 0:00:00] The position is equal.} 54. Qc5+ Kb2 (54... Kb1 55. Qxf8 a1=Q 56. g7 (56. Qf1+ Kb2 $11) 56... Qc3+ 57. Kg4 Qd4+ 58. Kg5 Qg1+ 59. Kf6 Qf1+ 60. Ke7 Qe2+ 61. Kd8 (61. Kd6 Qd3+ 62. Ke5 Qc3+ 63. Ke6 Qc4+ 64. Kf5 Qc2+ 65. Kf4 Qc1+ 66. Kf3 Qc6+ 67. Kg3 Qc7+ 68. Kg4 Qc4+ 69. Kg5 Qc1+ 70. Kh4 Qe1+ 71. Kh3 Qe6+ 72. Kh4 Qe1+ 73. Kg4 Qe4+ 74. Qf4 Qg6+ 75. Qg5 Qe4+ 76. Qf4 Qg6+ 77. Qg5 Qe4+ 78. Qf4 $11) 61... Qd3+ 62. Kc8 Qc4+ 63. Kd8 (63. Kb8 Qb5+ 64. Kc8 Qc6+ 65. Kd8 Qd5+ 66. Ke7 Qe4+ 67. Kf7 Qf5+ 68. Kg8 Qb5 $11) 63... Qd5+ 64. Ke8 (64. Ke7 Qe4+ 65. Kf7 Qf5+ 66. Kg8 Qb5 $11) 64... Qe6+ 65. Kd8 Qd5+ 66. Ke8 (66. Ke7 Qe4+ 67. Kf6 Qf4+ 68. Kg6 Qg4+ 69. Kh7 Qh5+ 70. Kg8 Qb5 $11) 66... Qe6+ 67. Kd8 Qd5+) 55. Qd4+ Kb1 56. Qd1+ Kb2 57. Qe2+ Kb1 58. Qe4+ Kb2 59. Qe5+ Kb1 60. g7 Rg8 61. Qe4+ Kb2 62. Qd4+ Kb1 63. Qd1+ {[%emt 0:00:11] Weighted Error Value: White=0.14 (very precise) /Black=0.07 (flawless)} 1/2-1/2

[Event "FIDE WSCC 65 2022"]
[Site "Assisi"]
[Date "2022.11.19"]
[Round "5.5"]
[White "Gaprindashvili, Nona"]
[Black "Chapman, Terry P D"]
[Result "1/2-1/2"]
[ECO "E20"]
[WhiteElo "2268"]
[BlackElo "2216"]
[Annotator "TA"]
[PlyCount "31"]
[EventDate "2022.11.14"]
[EventType "swiss"]
[EventCountry "ITA"]
[SourceTitle "playchess.com"]
[Source "ChessBase"]
[SourceQuality "1"]
[TimeControl "40/5400+30:1800+30"]

1. d4 Nf6 2. c4 e6 3. Nc3 Bb4 4. g3 c5 5. Nf3 cxd4 6. Nxd4 O-O 7. Bg2 d5 8. cxd5 Nxd5 9. Bd2 Nc6 10. Nxd5 Bxd2+ 11. Qxd2 exd5 {[%emt 0:04:21] White is slightly better.} 12. O-O {[%emt 0:02:19] E20: Nimzo-Indian: 4 g3 and 4 f3.} Qb6 13. Rfd1 Be6 {[%emt 0:07:43] [#]} 14. e3 $146 ({Predecessor:} 14. Rac1 Rac8 15. Nxc6 bxc6 16. b4 a5 17. bxa5 Qa7 18. Qb4 Rb8 19. Qc5 Qa6 20. e4 dxe4 21. Bxe4 Bxa2 {1-0 (57) Orlov,G (2494)-Sinanan,J (2183) Seattle 2008}) 14... Rfd8 15. h3 Rac8 16. Rac1 {[%emt 0:04:00] Black took control after the opening.  Weighted Error Value: White=0.01 (flawless) /Black=0.02 (flawless)} ({White should play} 16. Qe2 $14) 1/2-1/2

[Event "FIDE WSCC 65 2022"]
[Site "Assisi"]
[Date "2022.11.19"]
[Round "5.6"]
[White "Roos, Jean-Luc"]
[Black "Vaisser, Anatoly"]
[Result "0-1"]
[ECO "A57"]
[WhiteElo "2195"]
[BlackElo "2463"]
[Annotator "TA"]
[PlyCount "112"]
[EventDate "2022.11.14"]
[EventType "swiss"]
[EventCountry "ITA"]
[SourceTitle "playchess.com"]
[Source "ChessBase"]
[SourceQuality "1"]
[TimeControl "40/5400+30:1800+30"]

1. d4 Nf6 2. c4 c5 3. d5 b5 4. cxb5 a6 5. e3 g6 6. Nc3 Bg7 7. Nf3 O-O 8. a4 e6 9. e4 Bb7 10. Be2 {[%emt 0:07:23] A57: Benko/Volga Gambit.} exd5 11. bxa6 (11. exd5 $5 axb5 12. Bxb5 $11) 11... Nxa6 12. exd5 {[%emt 0:01:43] [#] The position is equal.} d6 $146 ({Predecessor:} 12... Nb4 13. d6 Ne4 14. Nb5 Qf6 15. O-O Rfb8 16. Ra3 Ra6 17. Bc4 Nxd6 18. Nxd6 Rxd6 {0-1 (46) Bertuli,R (2255)-Hervet,G (2462) France 1999}) 13. O-O Nc7 14. Bc4 Ba6 15. Bxa6 Rxa6 16. Bg5 Qa8 17. Qd2 (17. Bxf6 $5 Bxf6 18. Re1 $11) 17... Ncxd5 18. Nxd5 Qxd5 19. Qxd5 Nxd5 20. Rad1 Nf6 21. Bf4 Rd8 22. b3 Ne4 23. Rfe1 Nc3 24. Rd3 Na2 25. Red1 Bf8 26. Bg5 Rb8 27. Bf4 Nb4 28. Re3 ({Don't go for} 28. Bxd6 $2 Rd8 29. Bxf8 Rxd3 30. Rxd3 Nxd3 $19) 28... Rc8 29. g3 d5 30. Be5 (30. Rc3 $15) 30... d4 $1 $17 31. Ree1 {[%emt 0:02:07] [#]} Nd5 (31... f6 $1 $17 32. Bf4 g5) 32. Rc1 (32. g4 $15) 32... Rd8 33. g4 f6 34. Bg3 Rb6 35. Rb1 Rb4 {[%emt 0:03:09] Black is more active.} 36. g5 f5 37. Be5 {[%emt 0:01:00] [#]} Nc3 $1 38. Rb2 (38. Ra1 {was worth a try.}) 38... Nxa4 $1 $19 39. Ra2 Nc3 ({Not} 39... Rxb3 40. Nxd4 cxd4 41. Rxa4 $17) 40. Ra7 Rxb3 41. Bf6 Rdb8 {[%emt 0:33:11] ...Nb5 is the strong threat.} 42. Ne5 R3b7 43. Rea1 Bd6 44. Nc6 Rxa7 45. Rxa7 Rc8 46. Nd8 Bf8 {[%emt 0:04:11] Against Rg7+} 47. Ne6 Re8 48. Ra6 Kf7 {[%emt 0:00:39] Black is clearly winning.} 49. Nf4 Ne2+ 50. Nxe2 Rxe2 {[%emt 0:00:02][%mdl 4096] Endgame KRB-KRB} 51. Ra7+ Ke6 {[%emt 0:00:49] White must now prevent ...d3.} 52. Ra8 Be7 53. Ra6+ Kd5 54. Ra7 Bd6 55. Kf1 Rc2 {[%emt 0:00:57] Strongly threatening ...d3.} 56. Rd7 Kc6 {[%emt 0:00:57][%csl LRd7,LRh2] Weighted Error Value: White=0.40/Black=0.06 (flawless)} 0-1

[Event "FIDE WSCC 65 2022"]
[Site "Assisi"]
[Date "2022.11.19"]
[Round "5.7"]
[White "Knaak, Rainer"]
[Black "Pomes Marcet, Joan"]
[Result "1/2-1/2"]
[ECO "D16"]
[WhiteElo "2457"]
[BlackElo "2197"]
[Annotator "TA"]
[PlyCount "112"]
[EventDate "2022.11.14"]
[EventType "swiss"]
[EventCountry "ITA"]
[SourceTitle "playchess.com"]
[Source "ChessBase"]
[SourceQuality "1"]
[TimeControl "40/5400+30:1800+30"]

1. d4 {[%emt 0:00:04] Huebner,R} d5 2. c4 c6 3. Nf3 Nf6 4. Nc3 dxc4 5. a4 Na6 6. e4 Bg4 7. Bxc4 e6 8. Be3 Nb4 9. Qb3 {[%emt 0:13:59] And now Ne5 would win. D16: Slav Defence: 5 a4: Lines with 5...Bg4 and 5...Na6.} Bxf3 10. gxf3 Be7 11. a5 {[%emt 0:14:22] White has an edge.} b5 {[%emt 0:01:55] Against Ra4} 12. axb6 axb6 13. O-O O-O 14. Rxa8 Qxa8 {[%emt 0:00:07] [#]} 15. Bg5 $146 ({Predecessor:} 15. Rd1 Rd8 16. Bf1 Qa5 17. Ne2 c5 18. dxc5 Rxd1 19. Qxd1 bxc5 20. Nc3 h6 21. f4 {0-1 (49) Atalik,S (2555)-Nikolic,P (2655) Pula 1997 CBM 057 Extra [Huebner,R]}) 15... b5 16. Be2 Qa7 17. Be3 Qb7 18. Kh1 Kh8 19. Rg1 Na6 20. Qd1 Nb8 21. Qf1 Nbd7 22. Qg2 Rg8 23. e5 Nd5 24. Bh6 g6 25. Ne4 (25. Nxd5 $11 {keeps the balance.} cxd5 26. Qf1) 25... Qa7 $17 26. Be3 c5 (26... Qa2 $5 27. Bc1 Qa4 $17) 27. dxc5 Nxe3 (27... Nxc5 {is more complex.} 28. Nd6 Kg7 29. Rd1 Nxe3 30. fxe3 Nb3) 28. fxe3 Nxc5 29. Nd6 Bxd6 30. exd6 Qb6 31. Qg5 Rd8 {[%emt 0:01:32] [#]} (31... Kg7 $11) 32. Rd1 {[%emt 0:01:17] White is more active.} (32. Rc1 $1 $16 Nd7 {[#]} 33. Rc6 $1 (33. Bxb5 $2 f6 $19)) 32... b4 $11 33. Qe7 Kg7 34. d7 Nb7 35. Rd4 b3 36. Kg2 Qc5 37. Qxc5 Nxc5 {[%emt 0:00:06][%mdl 4096] Endgame KRB-KRN} 38. Bb5 Kf6 39. Kf2 Ke7 40. Ke2 g5 41. Kd2 h5 42. Kc3 f5 43. Kc4 Nxd7 {[%emt 0:02:33] Strongly threatening ...Ne5+.} 44. Kxb3 Ne5 45. Rxd8 {[%emt 0:02:06] The position is equal.} Kxd8 {[%emt 0:00:06] KB-KN} 46. Be2 g4 47. fxg4 fxg4 {[%emt 0:01:52] aiming for ...h4.} 48. Kc3 h4 49. Kd4 $1 {[%emt 0:00:18] [#]} g3 $1 50. hxg3 {[%emt 0:00:05] [#]} ({Wrong is} 50. Kxe5 $2 g2 51. h3 g1=Q $19) 50... hxg3 $1 51. Bf1 ({Avoid the trap} 51. Kxe5 $2 g2 52. Bc4 g1=Q $19) 51... Nf3+ 52. Kc5 Kc7 53. b4 Ne1 54. b5 $1 g2 55. Bxg2 Nxg2 56. b6+ Kb7 {[%emt 0:10:12] Weighted Error Value: White=0.11 (very precise) /Black=0.10 (very precise)} 1/2-1/2

[Event "FIDE WSCC 65 2022"]
[Site "Assisi"]
[Date "2022.11.19"]
[Round "5.8"]
[White "Luciani, Carlo"]
[Black "Kristiansen, Jens"]
[Result "0-1"]
[ECO "B81"]
[WhiteElo "2187"]
[BlackElo "2353"]
[Annotator "TA"]
[PlyCount "122"]
[EventDate "2022.11.14"]
[EventType "swiss"]
[EventCountry "ITA"]
[SourceTitle "playchess.com"]
[Source "ChessBase"]
[SourceQuality "1"]
[TimeControl "40/5400+30:1800+30"]

1. e4 c5 2. Nf3 d6 3. d4 cxd4 4. Nxd4 Nf6 5. Nc3 e6 6. g4 h6 7. Bg2 Nc6 8. h3 Bd7 9. Nde2 {[%emt 0:01:06] B81: Sicilian Scheveningen: Keres Attack.} Be7 10. O-O a6 11. a4 {[%emt 0:05:11] The position is equal.} g5 12. f4 {[%emt 1:27:50] [#]} Qb6+ $146 ({Predecessor:} 12... gxf4 13. Bxf4 Ne5 14. Kh1 Qc7 15. Nc1 Nh7 16. Nd3 Bg5 17. Bg3 Bc6 18. Qe2 Rd8 {1-0 (34) Suleymanli,A (2525)-Muradli,M (2537) Chess.com INT 2022}) 13. Rf2 O-O-O (13... Rg8 $11) 14. fxg5 hxg5 15. Kf1 (15. a5 $1 $14 Qc5 16. b4 Qxb4 17. Be3) 15... Be8 16. a5 Nxa5 17. Qd3 {[%emt 0:00:00] Inhibits Nc4.} (17. Qd4 $11 Qxd4 18. Nxd4) 17... Qc7 (17... Rg8 $17) 18. Qg3 (18. b4 $11 {remains equal.} Nc6 19. Bxg5 Nxb4 20. Qd2) 18... Nd7 $17 19. Be3 Nc4 20. Bd4 Nde5 (20... Nce5 $17 21. Kg1 f6) 21. Na4 (21. b3 $15 Nb6 22. Kg1) 21... b5 {[%emt 0:08:56] Black is more active.} (21... Rh7 $17 {Strongly threatening ...Bxa4.} 22. Qc3 b5 23. Nb6+ Nxb6 24. Bxb6 Qxc3 25. Nxc3 Rd7) 22. Nac3 $15 {[%emt 0:00:00] [#]} Kb7 (22... Nxb2 23. Rxa6 Bc6 24. Ra7 $14) 23. b3 Na5 (23... Nb6 $17) 24. Na2 (24. Nd5 $1 $11 exd5 25. exd5) 24... Nac6 $36 {[%emt 0:00:56][%mdl 2048] Black is in control. White is now going downhill.} 25. Bb2 Qb6 26. Rd1 ({White has to play} 26. Bc1) 26... Rh6 27. Nd4 Rf6 28. Rdd2 (28. Nf5 $17 {was called for.} exf5 29. exf5) 28... Qa5 $19 29. Nc3 Nxd4 {[%emt 0:00:24] Chess con chili.} 30. Rxd4 Qb6 31. Nd1 Rc8 32. Ne3 Rxf2+ 33. Qxf2 Qc5 34. Kg1 (34. Rd1 $142) 34... Bd8 35. Rd1 Bb6 36. Bd4 Qc7 37. c3 a5 38. Rd2 Bc5 39. Kh1 Qb6 40. Qf6 b4 {[%emt 0:04:29] And now ...bxc3 would win.} 41. Bxe5 {[%emt 0:38:49] [#]} bxc3 $1 ({Inferior is} 41... dxe5 42. Nc4 Qc7 43. cxb4 Bxb4 44. Rb2 $17) 42. Bxc3 Bxe3 43. Bd4 $2 (43. Re2 {was worth a try.}) 43... Rc1+ ({Don't take} 43... Bxd2 44. Bxb6 Rc1+ 45. Bg1 $18) ({Weaker is} 43... Bxd4 44. Rxd4 Rc1+ 45. Kh2 $17) 44. Kh2 Bg1+ 45. Kg3 Bxd4 46. Rxd4 Qxb3+ 47. Kh2 Qb6 48. Qe7+ (48. Qxg5 $142 Qxd4 49. Qxc1) 48... Rc7 49. Qxd6 Qxd6+ 50. Rxd6 {[%emt 0:00:00][%mdl 4096] Endgame KRB-KRB} Rd7 51. e5+ Ka7 52. Rc6 Rd2 53. Rc7+ (53. Rc3 $142) 53... Kb6 54. Rc3 Bb5 {[%emt 0:00:00] ...Bf1 is the strong threat.} 55. Kg1 a4 56. Be4 Re2 57. Bh7 Rxe5 58. Rf3 Re1+ 59. Kh2 Re2+ 60. Kg1 Bc6 61. Rxf7 a3 {[%emt 0:00:00] Weighted Error Value: White=0.59/Black=0.20 (precise)} 0-1

[Event "FIDE WSCC 65 2022"]
[Site "Assisi"]
[Date "2022.11.19"]
[Round "5.9"]
[White "Legky, Nikolay A"]
[Black "Gruzmann, Boris"]
[Result "1-0"]
[ECO "A45"]
[WhiteElo "2350"]
[BlackElo "2156"]
[Annotator "TA"]
[PlyCount "93"]
[EventDate "2022.11.14"]
[EventType "swiss"]
[EventCountry "ITA"]
[SourceTitle "playchess.com"]
[Source "ChessBase"]
[SourceQuality "1"]
[TimeControl "40/5400+30:1800+30"]

1. d4 Nf6 2. Bg5 Ne4 3. Bf4 c5 4. f3 Qa5+ 5. c3 Nf6 6. d5 Qb6 7. Bc1 e6 8. e4 exd5 9. exd5 d6 {[%emt 0:04:16] A45: Trompowsky Attack.} 10. Na3 Be7 11. Nc4 Qc7 {[%emt 0:00:27] White has an edge.} 12. a4 O-O 13. Ne2 Re8 {[%emt 0:01:08] [#]} 14. Nf4 $146 ({Predecessor:} 14. Ng3 h5 15. Be2 h4 16. Nf1 b6 17. g4 hxg3 18. hxg3 Bb7 19. Nfe3 Bf8 20. Kf2 {0-1 (61) Cherniaev,A (2483)-Rambaldi,F (2513) Biel 2015}) 14... b6 15. Be2 Bb7 16. O-O Nbd7 17. Ne3 Bf8 18. g4 {[%emt 0:07:36] Threatens to win with g5.} Re5 19. c4 $1 g6 20. Nd3 ({Only move:} 20. h4 $1 $16) 20... Re7 $1 $11 21. g5 Ne8 (21... Rae8 $5 ) 22. f4 f5 23. gxf6 Ndxf6 {[%emt 0:00:25] [#]} (23... Nexf6 $11 24. f5 g5) 24. f5 $1 $16 {[%emt 0:00:10] And now fxg6 would win.} g5 25. Ng2 (25. Nf2 $142) 25... h6 26. Nf2 Re5 (26... Bg7 $142) 27. Bd3 Bc8 28. b3 Bg7 29. Bb2 Re7 30. Qc2 a6 31. Rae1 Ra7 {[%emt 0:01:09] [#]} (31... Rxe1 $16 32. Rxe1 Qf7) 32. Re6 $1 $18 Qd8 (32... Rf7 33. Qe2) 33. Ne3 Rf7 34. Re1 Rf8 35. Bc3 Raf7 36. Qe2 {[%emt 0:00:01] White is much more active.} Rb7 37. Nh1 Rbf7 38. Ng3 Rb7 39. Ba1 Rbf7 40. Kh1 Bd7 (40... Ra7 $142 41. Nd1 b5) 41. Nh5 Nxh5 42. Qxh5 Bxa1 $2 (42... Nf6 43. Qe2 Bc8 44. Bxf6 Rxf6) 43. Rxa1 (43. Ng4 $142 Rf6 44. Nxf6+ Bxf6 45. Qg6+ (45. Qxh6 Rf7 $14) 45... Ng7 46. Rxd6) 43... Rf6 (43... Nf6 44. Qxh6 Rh7 45. Qxg5+ Rg7) 44. Ng4 $1 Bxe6 45. fxe6 Kg7 46. Rg1 {[%emt 0:03:05][%cal Og4h6] Nxh6! would kill now.} Rh8 47. Nxf6 {[%emt 0:01:22] Weighted Error Value: White=0.23 (precise) /Black=0.47} 1-0